 Dungeon Crawl Stone Soup version 0.31-a0-236-g9a0961fb85 (webtiles) character file.

Game seed: 14904026241226767010

568 greasedhog the Firebug (level 7, -17/41 HPs)
             Began as a Gargoyle Fire Elementalist on July 10, 2023.
             Demolished by Duvessa
             ... wielding a +2 rapier of draining
              (22 damage)
             ... on level 5 of the Dungeon.
             The game lasted 00:09:12 (4406 turns).

greasedhog the Firebug (Gargoyle Fire Elementalist) Turns: 4406, Time: 00:09:12

Health: -17/41     AC: 11    Str: 11    XL:     7   Next: 33%
Magic:  0/10       EV: 11    Int: 18    God:
Gold:   344        SH:  0    Dex: 10    Spells: 4/10 levels left

rFire   + . .        s - staff of fire
rCold   + . .        (no shield)
rNeg    + . .        k - +3 leather armour {rC+}
rPois   ∞            (no helmet)
rElec   +            j - +0 cloak
rCorr   .            (no gloves)
SInv    +            (no boots)
Will    +....        (no amulet)
Stlth   ++           l - ring of willpower
HPRegen 0.26/turn    q - ring of see invisible
MPRegen 0.12/turn

%: no passive effects
@: no status effects
A: sickness immunity, AC +4, negative energy resistance 1, electricity
resistance, torment resistance 1, petrification resistance
a: no special abilities


You were on level 5 of the Dungeon.
You visited 1 branch of the dungeon, and saw 5 of its levels.
You also visited: Ossuary.

You collected 344 gold pieces.

Inventory:

Armour
 j - a +0 cloak (worn)
 k - a +3 leather armour of cold resistance (worn)
Magical Staves
 s - a staff of fire (weapon)
Jewellery
 h - a ring of ice
 l - a ring of willpower (left hand)
 q - a ring of see invisible (right hand)
Scrolls
 a - a scroll of butterflies
 d - a scroll of enchant armour
 f - a scroll of amnesia
 g - a scroll of fear
 i - 2 scrolls of revelation {unknown}
 m - a scroll of poison {unknown}
 p - 2 scrolls of immolation {unknown}
 u - a scroll of vulnerability {unknown}
 x - a scroll of fog {unknown}
 z - a scroll of noise {unknown}
Potions
 b - 2 potions of magic
 c - 8 potions of curing
 e - 2 potions of heal wounds
 n - 4 potions of enlightenment
 o - a potion of berserk rage {unknown}
 r - a potion of attraction {unknown}
 t - a potion of haste
 v - 2 potions of cancellation {unknown}
 w - 2 potions of ambrosia {unknown}


   Skills:
 + Level 3.3 Fighting
 - Level 1.5 Dodging
 - Level 2.1 Stealth
 - Level 2.0 Spellcasting
 * Level 5.2 Conjurations
 * Level 5.7 Fire Magic


You had 4 spell levels left.
You knew the following spells:

 Your Spells              Type           Power      Damage    Failure   Level
a - Foxfire               Conj/Fire      100%       2x1d9     2%          1
b - Scorch                Fire           66%        2d7       3%          2
c - Volatile Blastmotes   Fire/Tloc      36%        2d13      22%         3

Your spell library contained the following spells:

 Spells                   Type           Power      Damage    Failure   Level
 Inner Flame              Hex/Fire       18%        N/A       22%         3
 Beastly Appendage        Tmut           2%         N/A       24%         1
 Flame Wave               Conj/Fire      32%        2d9       26%         4
 Wereblood                Tmut           1%         N/A       34%         2
 Frozen Ramparts          Ice            2%         1d1       56%         3
 Spider Form              Tmut/Pois      1%         N/A       56%         3
 Ice Form                 Ice/Tmut       1%         N/A       93%         4
 Summon Ice Beast         Ice/Summ       1%         N/A       93%         4


Dungeon Overview and Level Annotations

Branches:
Dungeon (5/15)            Ossuary (visited)
 Temple: D:4-7

Altars:
Zin

Shops:
D:3 =

Annotations:
D:5 Duvessa


Innate Abilities, Weirdness & Mutations

You are immune to sickness and miasma.
Your stone body is resilient. (AC +4)
You are immune to poison.
You resist negative energy. (rN+)
You are resistant to electric shocks. (rElec)
You are resistant to unholy torment.
You are immune to petrification.


Message History

The foxfire hits Duvessa but does no damage.
Duvessa is moderately wounded.
The foxfire hits Dowan but does no damage.
Dowan is heavily wounded.
Duvessa hits you but does no damage. Dowan hits you but does no damage.
Casting: Foxfire (safe; 2% risk of failure)
Confirm with . or Enter, or press ? or * to list all spells.
You feel a surge of power!
Flames lash Dowan.
Dowan is almost dead.
Dowan's fire resistance burns away.
The foxfire hits Duvessa.
Duvessa is moderately wounded.
The foxfire hits Dowan.
Dowan is burned terribly!
You kill Dowan!
Duvessa screams in rage.
Duvessa goes berserk!
Duvessa hits you with a +2 rapier of draining!
Casting: Scorch (safe; 3% risk of failure)
Confirm with . or Enter, or press ? or * to list all spells.
You feel a surge of power!
Flames lash Duvessa but do no damage.
Duvessa barely misses you.
Duvessa hits you with a +2 rapier of draining!
* * * LOW HITPOINT WARNING * * *
Unknown command.
Casting: Scorch (safe; 3% risk of failure)
Confirm with . or Enter, or press ? or * to list all spells.
You don't have enough magic to cast this spell.
Unknown command.
Casting: Scorch (safe; 3% risk of failure)
Confirm with . or Enter, or press ? or * to list all spells.
You feel a surge of power!
You conjure some foxfire!
Duvessa hits you but does no damage.
You hit Duvessa but do no damage.
Duvessa is moderately wounded.
The foxfire hits Duvessa.
Duvessa is moderately wounded.
The foxfire hits Duvessa.
Duvessa is moderately wounded.
Duvessa hits you with a +2 rapier of draining!!
Ouch! That really hurt!
You die...

#..#######...# #..
#........###.# #..
#.######.# #.# #.. #.#
#.# #.### #.. #.######.#
#...# #..
#......#.#####.###..
######.#.##.....##..
####.§§§.....'........#
#.....@##.#.##.....####
#.....e##.#.######.###
#......##.#.# #...##
####'####e#.# ###..# ...
..#.# #####.. .....
..#.# #.#####
....e....#.# #.#...#
.........##+#####......
#.........#......#.#.#.#


You could see Duvessa (berserk).

Vanquished Creatures
  2 scorpions
  A water moccasin zombie (Ossuary)
  Dowan (D:5)
  3 killer bees (D:5)
  A hound (D:3)
  An orc priest (D:4)
  2 mummies (Ossuary)
  3 gnolls (D:4)
  An adder (D:3)
  An ufetubus (D:5)
  4 adder zombies (Ossuary)
  2 dart slugs
  4 orcs (D:4)
  2 ball pythons
  A bat (D:3)
  4 endoplasms
  2 giant cockroaches (D:2)
  4 gnoll zombies (Ossuary)
  2 goblins
  5 hobgoblins
  5 quokkas
  4 frilled lizards
  4 hobgoblin zombies (Ossuary)
  3 kobolds
  7 kobold zombies (Ossuary)
  4 orc zombies (Ossuary)
  6 rats
79 creatures vanquished.

Vanquished Creatures (collateral kills)
  2 foxfires
2 creatures vanquished.

Vanquished Creatures (others)
  217 foxfires
217 creatures vanquished.

Grand Total: 298 creatures vanquished

Notes
Turn   | Place    | Note
-------+----------+-------------------------------------------
     0 | D:1      | greasedhog the Gargoyle Fire Elementalist began the quest
                  | for the Orb.
     0 | D:1      | Reached XP level 1. HP: 10/10 MP: 3/3
   198 | D:1      | Reached XP level 2. HP: 16/16 MP: 1/5
   797 | D:1      | Learned a level 2 spell: Scorch
  1090 | D:2      | Reached skill level 1 in Fighting
  1127 | D:2      | Reached XP level 3. HP: 20/20 MP: 3/6
  1345 | D:3      | Found a glowing silver altar of Zin.
  1667 | D:3      | Found Vyam's Jewellery Boutique.
  1957 | D:4      | Noticed a scorpion
  1963 | D:4      | Killed a scorpion
  1964 | D:4      | Reached XP level 4. HP: 26/26 MP: 0/7
  2099 | D:4      | Reached XP level 5. HP: 30/30 MP: 3/8
  2333 | D:4      | Found a sand-covered staircase.
  2341 | Ossuary  | Entered an ossuary
  2609 | Ossuary  | Reached XP level 6. HP: 33/36 MP: 2/9
  3039 | D:4      | Reached skill level 5 in Fire Magic
  3506 | D:5      | Entered Level 5 of the Dungeon
  3562 | D:5      | Learned a level 3 spell: Volatile Blastmotes
  3822 | D:5      | Reached XP level 7. HP: 30/41 MP: 1/10
  4115 | D:5      | Reached skill level 5 in Conjurations
  4159 | D:5      | Noticed Duvessa
  4159 | D:5      | Noticed Dowan
  4190 | D:5      | HP: 2/41 [Duvessa/+2 rapier of draining (10)]
  4403 | D:5      | Killed Dowan
  4406 | D:5      | Demolished by Duvessa

Illustrated notes

Levels and vault maps discovered:
D:1:      lightli_arrival_farm, layout_rooms, serial_forest,
          infiniplex_forest_lined_4_way, infiniplex_forest_clump_cross,
          infiniplex_forest_pool, infiniplex_forest_lined_3_way,
          infiniplex_forest_lined_ring, infiniplex_forest_straight_5,
          infiniplex_forest_end_double, infiniplex_forest_lined_room_
D:2:      layout_basic
D:3:      layout_rooms, mainiacjoe_overflow_boulevard, serial_shops,
          nicolae_shop_gaudy_bauble
D:4:      layout_basic, nicolae_ossuary_entry_plus
D:5:      layout_basic, uniq_duvessa

Skill      XL: |  1  2  3  4  5  6  7 |
---------------+----------------------+-----
Conjurations   | 2 3 4 5 |  5.2
Fighting       | 1 2 3 |  3.3
Fire Magic     | 4 5 |  5.7
Dodging        | |  1.5
Stealth        | |  2.1
Spellcasting   | |  2.0

Action                     |  1- 3 |  4- 6 |  7- 9 || total
---------------------------+-------+-------+-------++-------
  Melee: Unarmed           |     5 |     3 |       ||     8
         Staff             |       |    59 |    22 ||    81
   Cast: Foxfire           |    52 |    58 |    10 ||   120
         Scorch            |     3 |    14 |     9 ||    26
  Evoke: Wand              |       |       |     3 ||     3
    Use: Scroll            |     4 |     3 |     2 ||     9
   Stab: Sleeping          |       |     1 |       ||     1
 Armour: Robe              |     7 |       |       ||     7
         Leather armour    |     1 |    55 |    15 ||    71
  Dodge: Dodged            |    19 |    91 |    22 ||   132

Table legend: (Time is in decaauts)
 A = Elapsed time spent in this place.
 B = Non-inter-level travel time spent in this place.
 C = Inter-level travel time spent in this place.
 D = Time resting spent in this place.
 E = Time spent auto-exploring this place.
 F = Levels seen in this place.
 G = Mean time per level.
                   A        B        C        D        E       F      G
               +--------+--------+--------+--------+--------+-----+--------+
         Total |   4444 |   4322 |    122 |    856 |   2675 |   6 |  740.7 |
       Dungeon |   3893 |   3771 |    122 |    582 |   2540 |   5 |  778.6 |
       Ossuary |    551 |    551 |      0 |    274 |    135 |   1 |  551.0 |
               +--------+--------+--------+--------+--------+-----+--------+

Top non-repeatable levels by time:
     D:4: 1011 daAuts
     D:5: 905 daAuts
     D:1: 865 daAuts
     D:3: 607 daAuts
 Ossuary: 551 daAuts
     D:2: 503 daAuts
